| TOP OF THE 1ST |
|
Vanderbilt University Commodores batting - Pitching for Fresno State University Bulldogs : RHP Eric Wallace
|
|
Pitching: RHP Eric Wallace
|
|
|
Batting: SHB D.J. Davis
|
0-0: Called Strike 0-1: Ground out 4-3 (Groundball, 4S, EV 86.2 MPH)
|
|
Batting: RHB Eric Hays
|
0-0: Foul Ball, location: 2F 0-1: Bunt for hit to 23 - play at first, batter OUT! 3-4
|
|
Batting: RHB Jose Ramos
|
0-0: Called Strike 0-1: Ball 1-1: Ball 2-1: Fly out, F4 (Popup, 4M, EV 77.5 MPH)
|
| Top of the 1st over - 0 runs, 0 hits, 0 errors, 0 left on base; Vanderbilt University 0 - Fresno State University 0 |
| BOTTOM OF THE 1ST |
|
Fresno State University Bulldogs batting - Pitching for Vanderbilt University Commodores : RHP Gabriel Marsh
|
|
Pitching: RHP Gabriel Marsh
|
|
|
Batting: RHB Sinfronio Carreon
|
0-0: Called Strike 0-1: Swinging Strike 0-2: Ball 1-2: Foul Ball, location: 2F 1-2: Ball 2-2: Ball 3-2: Foul Ball, location: 2F 3-2: Base on Balls
|
|
Batting: LHB Ollie Strauss
|
0-0: Called Strike 0-1: Foul Ball, location: 2F 0-2: Ball 1-2: Strikes out swinging
|
|
Batting: SHB Carlton Stannard
|
0-0: Called Strike 0-1: Called Strike 0-2: Foul Ball, location: 2F 0-2: Fly out, F7 (Line Drive, 7LM, EV 94.4 MPH)
|
|
Batting: RHB Sandy Munoz
|
0-0: Ground out 4-3 (Groundball, 13, EV 87.5 MPH)
|
| Bottom of the 1st over - 0 runs, 0 hits, 0 errors, 1 left on base; Vanderbilt University 0 - Fresno State University 0 |
| TOP OF THE 2ND |
|
Vanderbilt University Commodores batting - Pitching for Fresno State University Bulldogs : RHP Eric Wallace
|
|
Batting: LHB Josh Jett
|
0-0: Ball 1-0: Ball 2-0: Foul Ball, location: 2F 2-1: Ball 3-1: Fly out, F9 (Flyball, 9LM, EV 84.4 MPH)
|
|
Batting: SHB Paul Dupuis
|
0-0: Fly out, F8 (Flyball, 89D, EV 83.8 MPH)
|
|
Batting: RHB Paul Johnson
|
0-0: Ball 1-0: Ball 2-0: Foul Ball, location: 2F 2-1: SINGLE (Groundball, 56, EV 106.2 MPH) (infield hit)
|
|
Batting: RHB Pakiana Kileona
|
0-0: Ball 1-0: Called Strike 1-1: Called Strike 1-2: Ball 2-2: Fly out, F4 (Popup, 34, EV 61.9 MPH)
|
| Top of the 2nd over - 0 runs, 1 hit, 0 errors, 1 left on base; Vanderbilt University 0 - Fresno State University 0 |
| BOTTOM OF THE 2ND |
|
Fresno State University Bulldogs batting - Pitching for Vanderbilt University Commodores : RHP Gabriel Marsh
|
|
Batting: LHB Abraham Batista
|
0-0: Called Strike 0-1: Foul Ball, location: 2F 0-2: Strikes out swinging
|
|
Batting: RHB Danilo Baldia
|
0-0: Swinging Strike 0-1: Swinging Strike 0-2: Ball 1-2: Foul Ball, location: 2F 1-2: Ball 2-2: Fly out, F9 (Line Drive, 89M, EV 101.2 MPH)
|
|
Batting: LHB Moktar Ame
|
0-0: Called Strike 0-1: Foul Ball, location: 2F 0-2: SOLO HOME RUN (Flyball, 9D, EV 105.6 MPH), Distance : 398 ft
|
|
Batting: RHB Charles Shaw
|
0-0: Foul Ball, location: 2F 0-1: Fly out, F9 (Line Drive, 9LM, EV 100.6 MPH)
|
| Bottom of the 2nd over - 1 run, 1 hit, 0 errors, 0 left on base; Vanderbilt University 0 - Fresno State University 1 |
| TOP OF THE 3RD |
|
Vanderbilt University Commodores batting - Pitching for Fresno State University Bulldogs : RHP Eric Wallace
|
|
Batting: RHB Brad Nathan
|
0-0: Ground out 4-3 (Groundball, 34, EV 83.8 MPH)
|
|
Batting: RHB Mamadou Morand
|
0-0: Ball 1-0: Fly out, F9 (Line Drive, 9, EV 97.5 MPH)
|
|
Batting: SHB D.J. Davis
|
0-0: Ball 1-0: Fly out, F8 (Flyball, 8LD, EV 97.5 MPH)
|
| Top of the 3rd over - 0 runs, 0 hits, 0 errors, 0 left on base; Vanderbilt University 0 - Fresno State University 1 |
| BOTTOM OF THE 3RD |
|
Fresno State University Bulldogs batting - Pitching for Vanderbilt University Commodores : RHP Gabriel Marsh
|
|
Batting: RHB Greg Meyer
|
0-0: Ball 1-0: Called Strike 1-1: Ball 2-1: Fly out, F8 (Flyball, 8RD, EV 86.9 MPH)
|
|
Batting: RHB Sinfronio Carreon
|
0-0: Ball 1-0: Ball 2-0: Called Strike 2-1: Ground out 4-3 (Groundball, 4, EV 80.0 MPH)
|
|
Batting: LHB Ollie Strauss
|
0-0: Hit by Pitch
|
|
Batting: SHB Carlton Stannard
|
0-0: Called Strike 0-1: Ball 1-1: Foul Ball, location: 2F 1-2: Ball 2-2: Fielders Choice at 2nd, 6-4 (Groundball, 56, EV 101.2 MPH)
|
| Bottom of the 3rd over - 0 runs, 0 hits, 0 errors, 1 left on base; Vanderbilt University 0 - Fresno State University 1 |
| TOP OF THE 4TH |
|
Vanderbilt University Commodores batting - Pitching for Fresno State University Bulldogs : RHP Eric Wallace
|
|
Batting: RHB Eric Hays
|
0-0: Ball 1-0: SINGLE (Line Drive, 9S, EV 92.5 MPH)
|
|
Batting: RHB Jose Ramos
|
0-0: Foul Ball, location: 2F 0-1: Fly out, F8 (Flyball, 8RXD, EV 111.9 MPH)
|
|
Batting: LHB Josh Jett
|
0-0: Ball 1-0: Fly out, F8 (Line Drive, 8LD, EV 101.2 MPH)
|
|
Batting: SHB Paul Dupuis
|
0-0: SINGLE (Groundball, 34D, EV 100.6 MPH) Eric Hays to second Runner from 2nd tries for 3rd, OUT! 9-5
|
| Top of the 4th over - 0 runs, 2 hits, 0 errors, 1 left on base; Vanderbilt University 0 - Fresno State University 1 |
| BOTTOM OF THE 4TH |
|
Fresno State University Bulldogs batting - Pitching for Vanderbilt University Commodores : RHP Gabriel Marsh
|
|
Batting: RHB Sandy Munoz
|
0-0: Called Strike 0-1: Foul Ball, location: 2F 0-2: Ball 1-2: Foul Ball, location: 2F 1-2: Ball 2-2: Foul Ball, location: 2F 2-2: Ground out 1-3 (Groundball, 13S, EV 75.0 MPH)
|
|
Batting: LHB Abraham Batista
|
0-0: Called Strike 0-1: Called Strike 0-2: Ball 1-2: Ball 2-2: Ball 3-2: SOLO HOME RUN (Flyball, 89XD, EV 108.1 MPH), Distance : 428 ft
|
|
Batting: RHB Danilo Baldia
|
0-0: Called Strike 0-1: Ground out 6-3 (Groundball, 6, EV 99.4 MPH)
|
|
Batting: LHB Moktar Ame
|
0-0: Ball 1-0: Ball 2-0: Ball 3-0: Called Strike 3-1: Foul Ball, location: 2F 3-2: Base on Balls
|
|
Batting: RHB Charles Shaw
|
0-0: Ball 1-0: Ball Moktar Ame steals 2nd base 2-0: Called Strike 2-1: Ball 3-1: Base on Balls
|
|
Batting: RHB Greg Meyer
|
0-0: Ball 1-0: Ball 2-0: Fly out, F9 (Line Drive, 9S, EV 102.5 MPH)
|
| Bottom of the 4th over - 1 run, 1 hit, 0 errors, 2 left on base; Vanderbilt University 0 - Fresno State University 2 |
| TOP OF THE 5TH |
|
Vanderbilt University Commodores batting - Pitching for Fresno State University Bulldogs : RHP Eric Wallace
|
|
Batting: RHB Paul Johnson
|
0-0: Foul Ball, location: 2F 0-1: Ground out 5-3 (Groundball, 56S, EV 85.6 MPH)
|
|
Batting: RHB Pakiana Kileona
|
0-0: Ball 1-0: Ball 2-0: Foul Ball, location: 2F 2-1: Ball 3-1: Base on Balls
|
|
Batting: RHB Brad Nathan
|
0-0: Called Strike 0-1: Grounds into double play, 5-4-3 (Groundball, 56, EV 83.8 MPH)
|
| Top of the 5th over - 0 runs, 0 hits, 0 errors, 0 left on base; Vanderbilt University 0 - Fresno State University 2 |
| BOTTOM OF THE 5TH |
|
Fresno State University Bulldogs batting - Pitching for Vanderbilt University Commodores : RHP Gabriel Marsh
|
|
Batting: RHB Sinfronio Carreon
|
0-0: Bunt for hit to 2R - play at first, batter OUT! 2-3
|
|
Batting: LHB Ollie Strauss
|
0-0: SOLO HOME RUN (Flyball, 9D, EV 96.2 MPH), Distance : 370 ft
|
|
Batting: SHB Carlton Stannard
|
0-0: Ball 1-0: Called Strike 1-1: Called Strike 1-2: Ball 2-2: Strikes out swinging
|
|
Batting: RHB Sandy Munoz
|
0-0: Ball 1-0: Foul Ball, location: 2F 1-1: Fly out, F9 (Flyball, 89M, EV 83.1 MPH)
|
| Bottom of the 5th over - 1 run, 1 hit, 0 errors, 0 left on base; Vanderbilt University 0 - Fresno State University 3 |
| TOP OF THE 6TH |
|
Vanderbilt University Commodores batting - Pitching for Fresno State University Bulldogs : RHP Eric Wallace
|
|
Batting: RHB Mamadou Morand
|
0-0: Ball 1-0: Ground out 6-3 (Groundball, 56, EV 86.9 MPH)
|
|
Batting: SHB D.J. Davis
|
0-0: Ball 1-0: Called Strike 1-1: Ground out U3 (Groundball, 3, EV 101.2 MPH)
|
|
Batting: RHB Eric Hays
|
0-0: Ball 1-0: Ball 2-0: Fly out, F7 (Flyball, 7LS, EV 91.9 MPH)
|
| Top of the 6th over - 0 runs, 0 hits, 0 errors, 0 left on base; Vanderbilt University 0 - Fresno State University 3 |
| BOTTOM OF THE 6TH |
|
Fresno State University Bulldogs batting - Pitching for Vanderbilt University Commodores : RHP Gabriel Marsh
|
|
Batting: LHB Abraham Batista
|
0-0: Swinging Strike 0-1: Fly out, F7 (Flyball, 7S, EV 75.6 MPH)
|
|
Pitching: LHP Kyle McGuire
|
|
|
Batting: RHB Danilo Baldia
|
0-0: Swinging Strike 0-1: Ball 1-1: Ball 2-1: Reached on error, E8 (Flyball, 78M, EV 86.9 MPH)
|
|
Batting: LHB Moktar Ame
|
0-0: Swinging Strike 0-1: Ball 1-1: Ball 2-1: Foul Ball, location: 2F 2-2: Ball 3-2: Strikes out swinging
|
|
Batting: RHB Charles Shaw
|
0-0: Ball 1-0: Called Strike 1-1: Foul Ball, location: 2F 1-2: Ball 2-2: Fly out, F2 (Popup, 2LF, EV 93.1 MPH)
|
| Bottom of the 6th over - 0 runs, 0 hits, 1 error, 1 left on base; Vanderbilt University 0 - Fresno State University 3 |
| TOP OF THE 7TH |
|
Vanderbilt University Commodores batting - Pitching for Fresno State University Bulldogs : RHP Eric Wallace
|
|
Batting: RHB Jose Ramos
|
0-0: Called Strike 0-1: Ball 1-1: Foul Ball, location: 2F 1-2: Fly out, F8 (Line Drive, 89M, EV 104.4 MPH)
|
|
Batting: LHB Josh Jett
|
0-0: Ball 1-0: SINGLE (Line Drive, 56D, EV 96.2 MPH)
|
|
Batting: SHB Paul Dupuis
|
0-0: Foul Ball, location: 2F 0-1: Called Strike Josh Jett steals 2nd base 0-2: SINGLE (Line Drive, 6D, EV 95.6 MPH) Josh Jett to third
|
|
Batting: RHB Paul Johnson
|
0-0: Called Strike 0-1: Foul Ball, location: 2F 0-2: Ball 1-2: Grounds into double play, 6-4-3 (Groundball, 6, EV 108.1 MPH)
|
| Top of the 7th over - 0 runs, 2 hits, 0 errors, 1 left on base; Vanderbilt University 0 - Fresno State University 3 |
| BOTTOM OF THE 7TH |
|
Fresno State University Bulldogs batting - Pitching for Vanderbilt University Commodores : LHP Kyle McGuire
|
|
Pitching: RHP Elijah Ogletree
|
|
|
Batting: RHB Greg Meyer
|
0-0: Ball 1-0: Ball 2-0: Called Strike 2-1: Foul Ball, location: 2F 2-2: Ball 3-2: Base on Balls
|
|
Batting: RHB Sinfronio Carreon
|
0-0: Bunted foul 0-1: Sac Bunt to 15S - play at first, batter OUT! 1-3 Greg Meyer to second
|
|
Batting: LHB Ollie Strauss
|
0-0: Called Strike 0-1: Foul Ball, location: 2F 0-2: Strikes out swinging
|
|
Batting: SHB Carlton Stannard
|
0-0: Ball 1-0: Foul Ball, location: 2F 1-1: Ball 2-1: SINGLE (Line Drive, 7S, EV 104.4 MPH) Greg Meyer to third Runner from 3rd tries for Home, SAFE, throw by LF to home
|
|
Batting: RHB Sandy Munoz
|
0-0: Ball 1-0: Ball 2-0: Ball 3-0: Called Strike 3-1: Foul Ball, location: 2F 3-2: Base on Balls Carlton Stannard to second
|
|
Pitching: RHP Milutin Mladjenovic
|
|
|
Batting: LHB Abraham Batista
|
0-0: Ball 1-0: Called Strike 1-1: Swinging Strike 1-2: Foul Ball, location: 2F 1-2: Ball 2-2: Ball 3-2: Foul Ball, location: 2F 3-2: Foul Ball, location: 2F 3-2: Strikes out swinging
|
| Bottom of the 7th over - 1 run, 1 hit, 0 errors, 2 left on base; Vanderbilt University 0 - Fresno State University 4 |
| TOP OF THE 8TH |
|
Vanderbilt University Commodores batting - Pitching for Fresno State University Bulldogs : RHP Eric Wallace
|
|
Batting: RHB Pakiana Kileona
|
0-0: Swinging Strike 0-1: Called Strike 0-2: Ball 1-2: Strikes out swinging
|
|
Batting: RHB Brad Nathan
|
0-0: Called Strike 0-1: Called Strike 0-2: Strikes out swinging
|
|
Batting: RHB Mamadou Morand
|
0-0: SINGLE (Groundball, 56D, EV 98.8 MPH)
|
|
Batting: SHB D.J. Davis
|
0-0: Ball 1-0: Ground out U3 (Groundball, 3L, EV 105.6 MPH)
|
| Top of the 8th over - 0 runs, 1 hit, 0 errors, 1 left on base; Vanderbilt University 0 - Fresno State University 4 |
| BOTTOM OF THE 8TH |
|
Fresno State University Bulldogs batting - Pitching for Vanderbilt University Commodores : RHP Milutin Mladjenovic
|
|
Pitching: RHP Alex Guzman
|
|
|
Batting: RHB Danilo Baldia
|
0-0: Foul Ball, location: 2F 0-1: SINGLE (Line Drive, 89S, EV 85.6 MPH)
|
|
Batting: LHB Moktar Ame
|
0-0: Sac Bunt to 23 - play at first, batter OUT! 3-4 Danilo Baldia to second
|
|
Batting: RHB Charles Shaw
|
0-0: Ball 1-0: Ball 2-0: Foul Ball, location: 2F 2-1: Called Strike 2-2: Fly out, F9 (Flyball, 89M, EV 76.9 MPH)
|
|
Batting: RHB Greg Meyer
|
0-0: Ground out 1-3 (Groundball, 15S, EV 70.0 MPH)
|
| Bottom of the 8th over - 0 runs, 1 hit, 0 errors, 1 left on base; Vanderbilt University 0 - Fresno State University 4 |
| TOP OF THE 9TH |
|
Vanderbilt University Commodores batting - Pitching for Fresno State University Bulldogs : RHP Eric Wallace
|
|
Batting: RHB Eric Hays
|
0-0: Ball 1-0: Ball 2-0: Ball 3-0: Called Strike 3-1: Base on Balls
|
|
Pitching: RHP Alex Gutierrez
|
|
|
Batting: RHB Jose Ramos
|
0-0: Ball 1-0: Called Strike 1-1: Ball 2-1: Ball 3-1: SINGLE (Groundball, 13, EV 81.2 MPH) (infield hit) Eric Hays to second
|
|
Pitching: RHP Milojica Mrdja
|
|
|
Batting: LHB Josh Jett
|
0-0: Ball 1-0: Hit by Pitch Eric Hays to third Jose Ramos to second
|
|
Batting: SHB Paul Dupuis
|
0-0: Ball 1-0: Fly out, F8 (Line Drive, 8RD, EV 89.4 MPH) Runner from 3rd tags up, SCORES, no throw by CF
|
|
Batting: RHB Paul Johnson
|
0-0: Called Strike 0-1: Foul Ball, location: 2F 0-2: Ball 1-2: Foul Ball, location: 2F 1-2: Ball 2-2: Foul Ball, location: 2F 2-2: Fly out, F9 (Flyball, 9, EV 88.8 MPH)
|
|
Batting: RHB Pakiana Kileona
|
0-0: Called Strike 0-1: Ball 1-1: Fielders Choice at 2nd, 6-4 (Groundball, 6, EV 110.6 MPH)
|
| Top of the 9th over - 1 run, 1 hit, 0 errors, 2 left on base; Vanderbilt University 1 - Fresno State University 4 |
|